 Dungeon Crawl Stone Soup version 0.21-a0-442-g848f44b (webtiles) character file.

3073 mortelune the Geomancer (level 9, -4/55 HPs)
             Began as a Gargoyle Earth Elementalist on Nov 12, 2017.
             Was a Follower of Sif Muna.
             Shot with a bolt by an orc warrior (12 damage)
             ... in a bailey.
             The game lasted 00:40:33 (10492 turns).

mortelune the Geomancer (GrEE)                     Turns: 10492, Time: 00:40:34

Health: -4/55      AC: 11    Str: 12    XL:     9   Next: 88%
Magic:  5/18       EV: 13    Int: 19    God:    Sif Muna [*.....]
Gold:   471        SH:  0    Dex: 10    Spells: 7/20 levels left

rFire    . . .     SeeInvis .   G - +5 whip (venom)
rCold    . . .     Gourm    .   (no shield)
rNeg     + . .     Faith    .   a - +0 leather armour
rPois    ∞         Spirit   .   (no helmet)
rElec    +         Reflect  .   P - +0 cloak
rCorr    .         Harm     .   (no gloves)
MR       +....                  (no boots)
Stlth    ++........             (no amulet)
HPRegen  0.18/turn              g - ring of protection from magic
MPRegen  0.16/turn              (no ring)

@: very slightly contaminated
A: negative energy resistance 1, electricity resistance, unbreathing,
petrification resistance, rot immunity, AC +6
a: Divine Energy, Renounce Religion


You were in a bailey.
You worshipped Sif Muna.
Sif Muna was aware of your devotion.
You were near starving.

You visited 2 branches of the dungeon, and saw 9 of its levels.
You also visited: Bailey.

You collected 471 gold pieces.

Inventory:

Hand Weapons
 h - a +0 spear
 u - a +0 flail
 v - a +1 mace of crushing
 z - a +0 morningstar
 C - a +1 dagger of holy wrath
 G - a +5 whip of venom (weapon)
 H - a cursed +4 morningstar of freezing
Missiles
 D - a throwing net
 E - 176 stones (quivered)
Armour
 a - a +0 leather armour (worn)
 c - a +0 robe
 A - a +0 ring mail
 M - the cursed +1 ring mail "Ishiboeh" {rF+ Dex+3, unknown}
   (You found it on level 8 of the Dungeon)

   It affects your dexterity (+3).
   It protects you from fire.
   It has a curse placed upon it.
 O - a +1 scale mail of poison resistance
 P - a +0 cloak (worn)
Magical Staves
 N - an uncursed staff of cold
Jewellery
 g - a ring of protection from magic (left hand)
 F - an uncursed ring of protection from cold {unknown}
Wands
 m - a wand of paralysis (14/24)
Scrolls
 f - 4 scrolls of teleportation
 i - 2 scrolls of fear
 j - 3 scrolls of recharging
 l - 2 scrolls of remove curse
 p - 2 scrolls of fog
 s - a scroll of enchant armour {unknown}
 t - a scroll of amnesia
 w - a scroll of immolation
 y - a scroll of blinking {unknown}
 B - a scroll of enchant weapon
 L - a scroll of magic mapping {unknown}
Potions
 k - 2 potions of flight
 n - 3 potions of mutation {unknown}
 o - 4 potions of brilliance {unknown}
 q - a potion of might {unknown}
 r - a potion of berserk rage {unknown}
 x - 2 potions of lignification {unknown}
 K - 2 potions of magic {unknown}
Books
 e - a book of Geomancy

   Spells                             Type                      Level
   a - Sandblast                      Earth                        1
   b - Passwall                       Transmutation/Earth          2
   c - Stone Arrow                    Conjuration/Earth            3
   d - Petrify                        Transmutation/Earth          4
   e - Lee's Rapid Deconstruction     Earth                        5
 J - a book of Battle

   Spells                             Type                      Level
   a - Infusion                       Charms                       1
   b - Shroud of Golubria             Charms/Translocation         2
   c - Song of Slaying                Charms                       2
   d - Spectral Weapon                Hexes/Charms                 3
   e - Regeneration                   Charms/Necromancy            3
Comestibles
 b - 2 meat rations
 d - 5 bread rations
 I - a royal jelly


   Skills:
 + Level 6.0 Fighting
 + Level 3.8 Armour
 + Level 4.6 Dodging
 - Level 2.1 Stealth
 + Level 6.0 Spellcasting
 + Level 5.7 Conjurations
 + Level 1.4 Transmutations
 - Level 8.0 Earth Magic


You had 7 spell levels left.
You knew the following spells:

 Your Spells              Type           Power        Failure   Level  Hunger
a - Sandblast             Erth           #####.       1%          1    None
b - Stone Arrow           Conj/Erth      ####..       2%          3    ##.....
c - Lee's Rapid Deconstr  Erth           #####.....   14%         5    #####..
d - Petrify               Tmut/Erth      ###.....     21%         4    ####...


Dungeon Overview and Level Annotations

Branches:
Dungeon (8/15)             Temple (1/1) D:6
   Lair: D:8-11

Altars:
Ashenzari
Dithmenos
Elyvilon
Fedhas
Hepliaklqana
Kikubaaqudgha
Nemelex Xobeh
Qazlal
Ru
Sif Muna
Uskayaw
Vehumet
Xom
Yredelemnul
Zin

Annotations:
D:2 exclusion: downstairs
D:3 kae's ghost, amateur DsCK


Innate Abilities, Weirdness & Mutations

You are resistant to torment.
Your stone body is resilient. (AC +6)
You are immune to poison.
You resist negative energy. (rN+)
You are resistant to electric shocks. (rElec)
You can survive without breathing.
You are immune to petrification.
You are immune to rotting.


Message History

Press: ? - help, Shift-Dir - straight line, f/p - orc warrior
Aim: an orc warrior, wielding a trident and wearing a chain mail (moderately wounded, chance to defeat MR: 52%)
You miscast Petrify.
You are very lightly contaminated with residual magic.
Waves of light ripple over your body.
You are near starving!
Unknown command.
An orc warrior is nearby!
An orc warrior is nearby!
The orc warrior no longer looks unusually strong.
The orc knight roars a battlecry!
The orc warrior goes into a battle-frenzy!
The orc knight roars a battlecry!
Casting: Petrify
Confirm with . or Enter, or press ? or * to list all spells.
You can't see any susceptible monsters within range! (Use Z to cast anyway.)
The orc warrior shoots a bolt.
The bolt hits you!
* * * LOW HITPOINT WARNING * * *
The orc warrior shoots a bolt.
The bolt hits you!
You die...

### ##∩## #.∩.#
#@.(#
≈≈o≈≈.......≈≈o≈
≈ooo≈.......≈ooo
≈≈o≈≈.......≈≈o≈
.≈≈≈..#...#..≈≈≈
.....##...##....
##### ##∩## ####
###


You could see an orc knight, 6 orc warriors and 2 orcs.

Vanquished Creatures
  A hippogriff (D:7)
  A shadow (D:6)
  A hungry ghost (D:4)
  A sky beast (D:7)
  An ice beast (D:6)
  3 phantoms
  3 centaurs
  Blork the orc (D:6)
  2 bullfrogs
  A wyvern zombie (D:6)
  A scorpion (D:4)
  3 killer bees
  3 howler monkeys (D:7)
  5 wights
  5 crimson imps
  A centaur zombie (D:7)
  3 hounds
  A bullfrog zombie (D:6)
  A jelly (D:5)
  A centaur skeleton (D:5)
  2 orc priests
  2 gnoll shamans
  2 iguanas
  3 orc wizards
  5 worker ants
  14 gnolls
  16 adders
  A shadow imp (D:6)
  2 oozes
  3 worms
  5 dart slugs
  5 leopard geckos
  24 orcs
  A ball python (D:2)
  5 giant cockroaches
  9 goblins
  5 hobgoblins
  7 jackals
  6 quokkas
  3 bats
  4 frilled lizards
  8 kobolds
  A leopard gecko skeleton (D:6)
  A leopard gecko zombie (D:5)
  A quokka skeleton (D:5)
  3 rats
177 creatures vanquished.

Notes
Turn   | Place    | Note
-------+----------+-------------------------------------------
     0 | D:1      | mortelune the Gargoyle Earth Elementalist began the quest for the Orb.
     0 | D:1      | Reached XP level 1. HP: 10/10 MP: 3/3
   177 | D:1      | Reached skill level 4 in Earth Magic
   190 | D:1      | Reached XP level 2. HP: 10/15 MP: 5/5
  1297 | D:2      | Reached XP level 3. HP: 3/19 MP: 3/6
  1746 | D:2      | Reached skill level 5 in Earth Magic
  1875 | D:2      | Reached XP level 4. HP: 15/24 MP: 4/8
  2355 | D:2      | Learned a level 3 spell: Stone Arrow
  2591 | D:3      | Noticed kae's ghost (amateur DsCK)
  3014 | D:3      | Reached XP level 5. HP: 28/28 MP: 9/9
  3301 | D:2      | Reached skill level 1 in Fighting
  3328 | D:3      | Reached skill level 6 in Earth Magic
  4388 | D:4      | Reached XP level 6. HP: 35/35 MP: 4/11
  5025 | D:4      | Noticed a phantom
  5036 | D:4      | Killed a phantom
  5036 | D:4      | Reached skill level 1 in Conjurations
  5384 | D:5      | Entered Level 5 of the Dungeon
  5804 | D:5      | Reached XP level 7. HP: 32/40 MP: 6/12
  5909 | D:5      | Reached skill level 7 in Earth Magic
  5926 | D:5      | Noticed a hungry ghost
  5999 | D:4      | Killed a hungry ghost
  6270 | D:5      | Reached XP level 8. HP: 16/47 MP: 6/14
  7935 | D:6      | Reached skill level 8 in Earth Magic
  7942 | D:6      | Learned a level 5 spell: Lee's Rapid Deconstruction
  8025 | D:6      | Reached skill level 5 in Spellcasting
  8102 | D:6      | Found a staircase to the Ecumenical Temple.
  8138 | Temple   | Entered the Ecumenical Temple
  8152 | Temple   | Became a worshipper of Sif Muna the Loreminder
  8186 | D:6      | Noticed Blork the orc
  8200 | D:6      | Killed Blork the orc
  8200 | D:6      | Reached skill level 1 in Armour
  8269 | D:6      | Reached XP level 9. HP: 17/53 MP: 1/16
  8484 | Temple   | Reached skill level 5 in Fighting
  9166 | D:7      | Reached skill level 5 in Conjurations
  9246 | D:7      | Learned a level 4 spell: Petrify
  9756 | D:7      | Reached skill level 1 in Transmutations
  9793 | D:7      | Reached * piety under Sif Muna
 10406 | D:8      | Got a faintly humming ring mail
 10440 | D:8      | Found a flagged portal.
 10452 | Bailey   | Entered a bailey
 10452 | Bailey   | Noticed an orc knight
 10492 | Bailey   | Shot with a bolt by an orc warrior

Vault maps used:
D:1:      dpeg_arrival_ternary, corner_web_ring
D:5:      first_bread
D:6:      minmay_cornered_nines, minmay_temple_entry_large_hall,
          uniq_blork_the_orc
D:8:      trog_ov_bears_minmay, enter_bailey_7, serial_shops,
          kennysheep_mini_moat, grunt_ogre_cave, uniq_joseph
Temple:   dpeg_three_leaves_temple
Bailey:   bailey_polearm_4, bailey

Skill      XL: |  1  2  3  4  5  6  7  8  9 |
---------------+----------------------------+-----
Earth Magic    | 4 5 6 7 8 |  8.0
Spellcasting   | 3 4 5 6 |  6.0
Fighting       | 1 2 3 4 6 |  6.0
Conjurations   | 1 2 4 5 |  5.7
Dodging        | 2 3 4 |  4.6
Armour         | 1 3 |  3.8
Transmutations | 1 |  1.4
Stealth        | |  2.1

Action                   |  1- 3 |  4- 6 |  7- 9 || total
-------------------------+-------+-------+-------++-------
Melee: Spear             |   106 |   187 |       ||   293
       Unarmed           |     4 |       |       ||     4
       Flail             |       |    33 |    90 ||   123
       Morningstar       |       |       |    49 ||    49
       Mace              |       |       |    13 ||    13
       Whip              |       |       |    85 ||    85
 Cast: Sandblast         |    12 |    48 |    82 ||   142
       Stone Arrow       |       |     1 |    51 ||    52
       Petrify           |       |       |     2 ||     2
  Use: Scroll            |       |     6 |     3 ||     9
       Potion            |       |       |     1 ||     1
 Stab: Sleeping          |     2 |     8 |       ||    10
  Eat: Chunk             |     2 |     8 |    10 ||    20
       Meat ration       |       |     1 |       ||     1
       Bread ration      |       |       |     3 ||     3
       Royal jelly       |       |       |     1 ||     1
Armor: Robe              |    19 |    99 |     1 ||   119
       Ring mail         |       |       |   213 ||   213
       Leather armour    |       |       |     9 ||     9
       Scale mail        |       |       |     4 ||     4
Dodge: Dodged            |    62 |   186 |   309 ||   557

Table legend:
 A = Spawn XP
 B = Non-spawn XP
 C = Spawn XP percentage of total XP
 D = Spawn monster count
 E = Non-spawn monster count
 F = Spawn count percentage of total count
 G = Total turns spent on level
                    A         B        C        D         E        F      G
               +---------+---------+-------+---------+---------+-------+---------
         Total |       0 |    4391 |   0.0 |       0 |     177 |   0.0 | 10492
               +---------+---------+-------+---------+---------+-------+---------
           D:1 |       0 |      24 |   0.0 |       0 |      14 |   0.0 |  1538
           D:2 |       0 |     114 |   0.0 |       0 |      20 |   0.0 |  1255
           D:3 |       0 |     116 |   0.0 |       0 |      28 |   0.0 |  1466
           D:4 |       0 |     431 |   0.0 |       0 |      11 |   0.0 |  1390
           D:5 |       0 |    1086 |   0.0 |       0 |      43 |   0.0 |  2135
           D:6 |       0 |    1135 |   0.0 |       0 |      31 |   0.0 |  1053
           D:7 |       0 |    1277 |   0.0 |       0 |      22 |   0.0 |  1163
           D:8 |       0 |      94 |   0.0 |       0 |       6 |   0.0 |   181
        Temple |       0 |     114 |   0.0 |       0 |       2 |   0.0 |   271
               +---------+---------+-------+---------+---------+-------+---------
